 Dungeon Crawl Stone Soup version 0.30.0-5-g1a98f26d00 (webtiles) character file.

Game seed: 3521957605220418563

88 shadowrider38 the Trooper (level 4, -1/61 HPs)
             Began as a Hill Orc Air Elementalist on May 12, 2023.
             Slain by Sigmund
             ... wielding a +3 scythe
              (13 damage)
             ... on level 3 of the Dungeon.
             The game lasted 00:04:40 (3338 turns).

shadowrider38 the Trooper (HOAE)                    Turns: 3338, Time: 00:04:40

Health: -1/61      AC:  4    Str: 12    XL:     4   Next: 54%
Magic:  10/15      EV: 11    Int: 21    God:
Gold:   149        SH:  0    Dex: 11    Spells: 3/6 levels left

rFire   . . .        a - +2 dagger (drain)
rCold   . . .        (no shield)
rNeg    . . .        s - +0 leather armour
rPois   .            (no helmet)
rElec   .            h - scarf {shadows}
rCorr   .            f - +0 pair of gloves
SInv    .            (no boots)
Will    .....        (no amulet) Stlth
                     c - ring of magical power
HPRegen 0.30/turn    n - +6 ring of intelligence
MPRegen 0.14/turn

%: no passive effects
@: confused, berserking, very quick
A: no striking features
a: no special abilities


You were on level 3 of the Dungeon.
You visited 1 branch of the dungeon, and saw 3 of its levels.

You collected 149 gold pieces.

Inventory:

Hand Weapons
 a - a +2 dagger of draining (weapon)
Armour
 f - a +0 pair of gloves (worn)
 g - a +0 chain mail
 h - a scarf of shadows (worn)
 s - a +0 leather armour (worn)
Magical Staves
 l - a staff of death
Jewellery
 c - a ring of magical power (left hand)
 n - a +6 ring of intelligence (right hand)
Scrolls
 j - a scroll of magic mapping {unknown}
 m - a scroll of poison {unknown}
 o - a scroll of fear {unknown}
 p - a scroll of vulnerability {unknown}
 r - a scroll of enchant weapon {unknown}
Potions
 b - a potion of magic
 e - a potion of might {unknown}
 i - a potion of haste {unknown}
 k - 3 potions of lignification {unknown}
 q - a potion of berserk rage


   Skills:
 + Level 4.9 Fighting
 - Level 1.5 Dodging
 - Level 1.5 Stealth
 - Level 1.5 Spellcasting
 - Level 1.0 Conjurations
 - Level 2.4 Air Magic


You had 3 spell levels left.
You knew the following spells:

 Your Spells              Type           Power      Damage    Failure   Level
a - Shock                 Conj/Air       32%        1d5       10%         1
b - Static Discharge      Conj/Air       16%        2-3/arc   14%         2

Your spell library contained the following spells:

 Spells                   Type           Power      Damage    Failure   Level
 Swiftness                Air            11%        N/A       22%         3
 Airstrike                Air            5%         2d(1-17)  58%         4


Dungeon Overview and Level Annotations

Branches:
Dungeon (3/15)

Altars:
Elyvilon
Sif Muna
Zin

Annotations:
D:3 Jessica, Sigmund


Message History

Sigmund casts a spell at you.
You are confused.
You feel better.
Sigmund drinks a potion.
Sigmund flickers and vanishes!
Deactivating autopickup; reactivate with Ctrl-A.
Casting: Static Discharge (safe; 14% risk of failure)
Confirm with . or Enter, or press ? or * to list all spells.
Okay, then.
You hear some strange, mumbled words.
You are confused.
You feel better. Something hits you.
Casting: Static Discharge (safe; 14% risk of failure)
Confirm with . or Enter, or press ? or * to list all spells.
Something is struck by an arc of lightning.
You are struck by an arc of lightning.
Something is struck by an arc of lightning.
The lightning grounds out.
Casting: Static Discharge (safe; 14% risk of failure)
Confirm with . or Enter, or press ? or * to list all spells.
Something is struck by an arc of lightning.
You are struck by an arc of lightning.
Something is struck by an arc of lightning.
The lightning grounds out.
You hear some strange, mumbled words.
Something tries to affect you, but you resist.
Casting: Static Discharge (safe; 14% risk of failure)
Confirm with . or Enter, or press ? or * to list all spells.
You miscast Static Discharge.
You are very lightly contaminated with residual magic.
Nothing appears to happen.
You hear some strange, mumbled words.
You are confused.
Unknown command.
You miss something. Something hits you.
You're too confused to move!
You hear some strange, mumbled words.
You are more confused.
You miss something. Something hits you!
You bump into the rock wall.
You hear some strange, mumbled words.
You are more confused.
Something hits you!
Your magical contamination has completely faded away.
You bump into the rock wall.
Something hits you but does no damage.
You bump into the rock wall.
You completely miss something. You punch something. Something hits you!
* * * LOW HITPOINT WARNING * * *
It was a potion of berserk rage.
A red film seems to cover your vision as you go berserk!
You feel yourself moving faster!
You feel mighty! Something hits you!
You die...

####.##.... #......###
#.#.##.# #.#.##.##
#.#.....# #.####..#
#.......# #......##
######## ##.#####
#...{@.# #.# ##.####.#
#.# #.......#### #.#
#..#.........#
#.#######..#.##.######
#..........#.##.#
#########.......#
#.#####.# #.......#


There were no monsters in sight!

Vanquished Creatures
  4 adders
  A worm (D:2)
  3 dart slugs
  3 bats
  An endoplasm (D:1)
  A giant cockroach (D:1)
  8 goblins
  6 hobgoblins
  A quokka (D:2)
  3 ball pythons
  3 frilled lizards (D:1)
  6 kobolds
  2 rats (D:2)
42 creatures vanquished.

Notes
Turn   | Place    | Note
-------+----------+-------------------------------------------
     0 | D:1      | shadowrider38 the Hill Orc Air Elementalist began the quest
                  | for the Orb.
     0 | D:1      | Reached XP level 1. HP: 14/14 MP: 3/3
    64 | D:1      | Reached skill level 1 in Fighting
   260 | D:1      | Reached XP level 2. HP: 24/24 MP: 1/4
   261 | D:1      | Reached skill level 2 in Fighting
   442 | D:1      | You fall into a shaft and drop 1 floor!
   655 | D:2      | Reached skill level 3 in Fighting
   838 | D:2      | Reached XP level 3. HP: 16/31 MP: 0/5
   995 | D:2      | Learned a level 2 spell: Static Discharge
  1821 | D:1      | Reached skill level 4 in Fighting
  2278 | D:2      | Reached XP level 4. HP: 40/41 MP: 6/6
  2926 | D:3      | Found a white marble altar of Elyvilon.
  3123 | D:3      | Found a shimmering blue altar of Sif Muna.
  3198 | D:3      | Noticed Jessica
  3241 | D:3      | Found a glowing silver altar of Zin.
  3321 | D:3      | Noticed Sigmund
  3338 | D:3      | Slain by Sigmund

Illustrated notes

Levels and vault maps discovered:
D:1:      nicolae_arrival_somewhat_less_tricky_arrival, layout_basic
D:2:      layout_loops_ring, dk_noncrumbling_2
D:3:      layout_loops_cross, zin_scriptorium, elyvilon_altar_5,
          mainiacjoe_overflow_boulevard, serial_shops, shop, uniq_sigmund,
          uniq_jessica

Skill      XL: |  1  2  3 |
---------------+----------+-----
Fighting       | 1 3 4 |  4.9
Dodging        | |  1.5
Stealth        | |  1.5
Spellcasting   | |  1.5
Conjurations   | |  1.0
Air Magic      | |  2.4

Action                     |  1- 3 |  4- 6 || total
---------------------------+-------+-------++-------
  Melee: Dagger            |    50 |     5 ||    55
         Unarmed           |     1 |       ||     1
         Punch             |     1 |     1 ||     2
   Cast: Shock             |    56 |     6 ||    62
         Static Discharge  |     2 |     5 ||     7
    Use: Potion            |     1 |     4 ||     5
   Stab: Sleeping          |     3 |       ||     3
 Armour: Robe              |    16 |       ||    16
         Leather armour    |       |     1 ||     1
  Dodge: Dodged            |    39 |     2 ||    41
